 Dungeon Crawl Stone Soup version 0.21-a0-394-gdc75ea7 (webtiles) character file.

20082 graki42 the Blocker (level 12, -4/72 HPs)
             Began as a Gargoyle Fighter on Oct 18, 2017.
             Was an Elder of Makhleb.
             Killed by divine providence
             ... invoked by an orc priest
              (14 damage)
             ... on level 2 of the Orcish Mines.
             The game lasted 00:36:30 (11478 turns).

graki42 the Blocker (Gargoyle Fighter)             Turns: 11478, Time: 00:36:31

Health: -4/72      AC: 26    Str: 29    XL:     12   Next: 75%
Magic:  15/15      EV:  9    Int:  6    God:    Makhleb [****..]
Gold:   1001       SH: 31    Dex:  9    Spells: 11/11 levels left

rFire    + + .     SeeInvis .   k - +1 flail (drain)
rCold    . . .     Gourm    .   K - +10 large shield of Ignorance {rN+ Int-4}
rNeg     + + .     Faith    .   M - +2 scale mail {rF+}
rPois    ∞         Spirit   .   t - +2 helmet
rElec    +         Reflect  .   I - +0 cloak
rCorr    .         Harm     .   w - +1 pair of gloves
MR       .....                  (no boots)
Stlth    +.........             s - amulet of regeneration
HPRegen  0.62/turn              r - ring of protection from fire
MPRegen  0.14/turn              P - +5 ring of strength

@: no status effects
A: negative energy resistance 1, electricity resistance, unbreathing,
petrification resistance, rot immunity, AC +8
a: Minor Destruction, Lesser Servant of Makhleb, Major Destruction, Renounce
Religion


You were on level 2 of the Orcish Mines.
You worshipped Makhleb.
Makhleb was greatly pleased with you.
You were not hungry.

You visited 3 branches of the dungeon, and saw 14 of its levels.

You collected 1001 gold pieces.

Inventory:

Hand Weapons
 k - a +1 flail of draining (weapon)
 x - a +3 flail
 J - a +0 morningstar
Missiles
 n - 2 throwing nets (quivered)
Armour
 t - a +2 helmet (worn)
 w - a +1 pair of gloves (worn)
 I - a +0 cloak (worn)
 K - the +10 large shield of Ignorance (worn) {rN+ Int-4}
   (You found it on level 8 of the Dungeon)

   It affects your intelligence (-4).
   It protects you from negative energy.
 M - a +2 scale mail of fire resistance (worn)
Magical Staves
 i - an uncursed staff of power
 N - an uncursed staff of earth
Jewellery
 r - a ring of protection from fire (left hand)
 s - an amulet of regeneration (around neck)
 E - an uncursed ring of positive energy
 F - an uncursed amulet of rage
 P - a +5 ring of strength (right hand)
Wands
 b - a wand of iceblast (4/15)
 u - a wand of acid (2/15)
 y - a wand of polymorph (14/24)
 L - a wand of lightning (9/15)
Scrolls
 a - 2 scrolls of acquirement {unknown}
 c - a scroll of enchant weapon
 j - 9 scrolls of remove curse
 l - 3 scrolls of teleportation
 o - a scroll of blinking
 A - 2 scrolls of enchant armour
 C - a scroll of amnesia
Potions
 e - 3 potions of heal wounds
 g - a potion of resistance
 m - 4 potions of curing
 p - a potion of haste
 q - 2 potions of brilliance
 B - 2 potions of agility
 D - 2 potions of flight
 Q - a potion of invisibility
 R - a potion of cancellation
Miscellaneous
 z - a lamp of fire
Comestibles
 d - 5 chunks of flesh
 f - 6 bread rations
 h - 9 meat rations
 v - 8 royal jellies
 G - 9 fruits


   Skills:
 + Level 7.2 Fighting
 + Level 11.1(11.2) Maces & Flails
 + Level 0.5(7.1) Staves
 + Level 8.3 Armour
 + Level 2.3 Dodging
 + Level 3.0 Stealth
 + Level 14.3 Shields
 * Level 4.8 Invocations
 + Level 3.1 Evocations


You had 11 spell levels left.
You didn't know any spells.

Dungeon Overview and Level Annotations

Branches:
Dungeon (11/15)            Temple (1/1) D:7            Lair (0/6) D:11
    Orc (2/2) D:11
    Elf: Orc:2

Altars:
Ashenzari
Cheibriados
Dithmenos
Elyvilon
Fedhas
Gozag
Hepliaklqana
Kikubaaqudgha
Makhleb
Nemelex Xobeh
Okawaru
Qazlal
Ru
Sif Muna
Trog
Uskayaw
Vehumet
Wu Jian
Xom
Yredelemnul
Zin
The Shining One
Beogh
Lugonu

Shops:
Orc:2 ?}[

Annotations:
D:8 1 runed door, exclusion: 4 orange crystal statues


Innate Abilities, Weirdness & Mutations

You are resistant to torment.
Your stone body is resilient. (AC +8)
You are immune to poison.
You resist negative energy. (rN+)
You are resistant to electric shocks. (rElec)
You can survive without breathing.
You are immune to petrification.
You are immune to rotting.


Message History

You block the red devil's attack. You block the orc high priest's attack.
The orc priest mumbles some strange prayers to Beogh against you.
Beogh smites you!
* * * LOW HITPOINT WARNING * * *
You block the orc high priest's attack.
You closely miss the orc high priest.
The orc high priest is heavily wounded.
You block the red devil's attack. You block the orc high priest's attack.
An orc sorcerer comes into view. It is wielding a dagger.
You hit the orc high priest.
The orc high priest is heavily wounded.
You block the orc high priest's attack. You block the red devil's attack.
The orc high priest mumbles some strange prayers to Beogh.
The orc priest calls upon Beogh to heal the orc high priest.
The orc high priest is healed somewhat.
Your shield and scale mail prevent you from hitting the orc high priest.
The orc high priest is heavily wounded.
The orc priest calls down the wrath of Beogh upon you.
Beogh smites you!
You die...

......................
......................
######.###.###.######
.._..#.# #.# #.#
.....#.###.###.# #
.....#.........# .#
##'###.###.###.# o.
.......# #.#
#.###o###.. 8...8..#
#.# #4.@oo.3o..
.......# #.#
#..##o###..
................# o.
##.###.#######..# 4#
#.# #.# #..# # ##.#
#.# #..# .... .. ....
.... .... . #.. ...##


You could see a soul eater, 2 orc high priests, an ice devil, an orc sorcerer, a
red devil, 3 orc priests and an orc.

Vanquished Creatures
  A hydra (D:11)
  2 centaur warriors
  A two-headed ogre (D:8)
  An ogre mage (D:8)
  Urug (Orc:1)
  5 orc high priests (Orc:2)
  An orc knight (Orc:2)
  A deep elf mage (D:8)
  2 cyclopes (D:8)
  Joseph (D:7)
  2 trolls (Orc:2)
  5 hippogriffs
  Grum (D:8)
  9 yaks (D:11)
  2 steam dragons
  A wyvern (D:9)
  9 wargs
  A soldier ant (D:11)
  2 water moccasins
  11 orc warriors
  2 sky beasts
  3 ice beasts
  2 black bears
  A necrophage (D:7)
  8 ogres
  A phantom (D:5)
  3 wolves (D:8)
  6 centaurs
  Blork the orc (D:5)
  3 big kobolds
  3 bullfrogs
  A scorpion (D:5)
  5 wights
  An electric eel (D:6)
  2 howler monkeys
  2 crimson imps
  6 hounds
  3 jellies
  2 quasits
  Crazy Yiuf (D:7)
  4 human zombies (D:7)
  31 orc priests
  2 bullfrog skeletons
  4 iguanas
  A human skeleton (D:7)
  22 orc wizards
  6 worker ants
  A killer bee zombie (D:6)
  2 ogre zombies (D:7)
  A hound skeleton (D:6)
  2 mummies (D:7)
  Robin (D:3)
  A howler monkey zombie (D:8)
  A worker ant zombie (D:11)
  4 gnolls (D:3)
  A howler monkey skeleton (D:4)
  7 adders
  3 shadow imps
  3 adder skeletons
  2 worms (D:2)
  5 dart slugs
  7 leopard geckos
  88 orcs
  3 ball pythons
  9 bats
  5 giant cockroaches
  14 goblins
  12 hobgoblins
  2 jackals (D:7)
  24 kobolds
  7 quokkas
  7 frilled lizards
  A leopard gecko skeleton (D:8)
  An orc zombie (D:7)
  12 rats
411 creatures vanquished.

Vanquished Creatures (collateral kills)
  2 orcs (Orc:2)
2 creatures vanquished.

Vanquished Creatures (others)
  A fire giant (D:8)
  A hydra (D:8)
  An acid dragon (D:8)
  A worker ant zombie (D:9)
4 creatures vanquished.

Grand Total: 417 creatures vanquished

Notes
Turn   | Place    | Note
-------+----------+-------------------------------------------
     0 | D:1      | graki42 the Gargoyle Fighter began the quest for the Orb.
     0 | D:1      | Reached XP level 1. HP: 14/14 MP: 1/1
    74 | D:1      | Found a basalt altar of Yredelemnul.
    84 | D:1      | Reached XP level 2. HP: 17/19 MP: 2/2
   642 | D:1      | Reached XP level 3. HP: 23/23 MP: 3/3
  1548 | D:2      | Reached skill level 4 in Shields
  1548 | D:2      | Reached XP level 4. HP: 29/29 MP: 4/4
  1625 | D:2      | Found a white marble altar of Elyvilon.
  1845 | D:2      | Found a deep blue altar of Sif Muna.
  2176 | D:3      | Reached XP level 5. HP: 24/33 MP: 5/5
  2297 | D:3      | Noticed Robin
  2313 | D:3      | Killed Robin
  2513 | D:3      | Reached XP level 6. HP: 17/38 MP: 6/6
  2926 | D:3      | Found a stormy altar of Qazlal.
  2972 | D:4      | Found a shadowy altar of Dithmenos.
  2972 | D:4      | Found a hide-covered altar of Uskayaw.
  3188 | D:4      | Reached skill level 5 in Shields
  3288 | D:4      | Found an iron altar of Okawaru.
  3289 | D:4      | Found a bloodstained altar of Trog.
  3438 | D:4      | Found an opulent altar of Gozag.
  3784 | D:4      | Reached skill level 5 in Armour
  3916 | D:5      | Entered Level 5 of the Dungeon
  4053 | D:5      | Reached XP level 7. HP: 43/43 MP: 7/7
  4283 | D:5      | Noticed Blork the orc
  4304 | D:5      | Killed Blork the orc
  4304 | D:5      | Reached skill level 6 in Shields
  4560 | D:5      | Reached skill level 5 in Maces & Flails
  4629 | D:5      | Reached XP level 8. HP: 46/48 MP: 8/8
  4990 | D:5      | Reached skill level 7 in Shields
  5282 | D:6      | Found a hazy altar of Hepliaklqana.
  5513 | D:6      | Found a burning altar of Makhleb.
  5731 | D:6      | Reached skill level 8 in Shields
  5849 | D:6      | Reached XP level 9. HP: 50/53 MP: 9/9
  6098 | D:7      | Reached skill level 5 in Fighting
  6176 | D:7      | Found a hide-covered altar of Uskayaw.
  6283 | D:7      | Found a staircase to the Ecumenical Temple.
  6328 | Temple   | Entered the Ecumenical Temple
  6443 | D:7      | Reached skill level 9 in Shields
  6540 | D:7      | Found a shadowy altar of Dithmenos.
  6773 | D:7      | Found a runed door.
  6783 | D:7      | Noticed Crazy Yiuf
  6791 | D:7      | Killed Crazy Yiuf
  6886 | D:7      | Reached skill level 1 in Dodging
  6931 | D:7      | Noticed Joseph
  6970 | D:7      | Killed Joseph
  7021 | D:7      | Reached XP level 10. HP: 59/59 MP: 10/10
  7032 | D:7      | Reached skill level 10 in Shields
  7048 | D:7      | Found an ancient bone altar of Kikubaaqudgha.
  7199 | D:8      | Found a sacrificial altar of Ru.
  7237 | D:8      | Found a runed door.
  7251 | D:8      | Found the +10 large shield of Ignorance {rN+ Int-4}
  7262 | D:8      | Noticed an orange crystal statue
  7262 | D:8      | Noticed an orange crystal statue
  7262 | D:8      | Noticed an orange crystal statue
  7262 | D:8      | Noticed an orange crystal statue
  7298 | D:8      | Noticed a two-headed ogre
  7298 | D:8      | Found a runed door.
  7457 | D:8      | Noticed Grum
  7465 | D:8      | Noticed a two-headed ogre
  7507 | D:8      | Killed a two-headed ogre
  7507 | D:8      | Reached skill level 11 in Shields
  7533 | D:8      | Killed Grum
  7662 | D:8      | Got a jewelled quarterstaff
  7663 | D:8      | Identified the +5 quarterstaff "Ymydid" {protect, Fragile rN+ Int+3} (You found it on level 8 of the Dungeon)
  7920 | D:8      | Found a shimmering altar of Xom.
  7921 | D:8      | Found a radiant altar of Vehumet.
  7999 | D:8      | Found a runed door.
  7999 | D:8      | Noticed a five-headed hydra
  7999 | D:8      | Noticed a cyclops
  8001 | D:8      | Noticed a deep elf mage
  8001 | D:8      | Noticed a cyclops
  8001 | D:8      | Noticed an ogre mage
  8001 | D:8      | Noticed a fire giant
  8001 | D:8      | Noticed a centaur warrior
  8108 | D:8      | Killed a five-headed hydra
  8108 | D:8      | Reached skill level 1 in Stealth
  8111 | D:8      | Killed a fire giant
  8115 | D:8      | Killed an ogre mage
  8122 | D:8      | Killed a deep elf mage
  8122 | D:8      | Reached XP level 11. HP: 37/64 MP: 11/11
  8135 | D:8      | Killed a cyclops
  8136 | D:8      | Killed a centaur warrior
  8136 | D:8      | Reached skill level 12 in Shields
  8144 | D:8      | Killed a cyclops
  8402 | D:9      | Found a shattered altar of Ashenzari.
  8537 | D:9      | Reached skill level 1 in Evocations
  8658 | D:9      | Found a glowing golden altar of the Shining One.
  8697 | D:9      | Found a basalt altar of Yredelemnul.
  8699 | D:9      | Noticed a profane servitor
  8747 | D:9      | Reached skill level 10 in Maces & Flails
  9011 | D:6      | Became a worshipper of Makhleb the Destroyer
  9087 | D:10     | Entered Level 10 of the Dungeon
  9326 | D:10     | Noticed a centaur warrior
  9344 | D:10     | Killed a centaur warrior
  9576 | D:11     | Reached skill level 1 in Invocations
  9667 | D:11     | Found a staircase to the Lair.
  9751 | D:11     | Reached * piety under Makhleb
  9842 | D:11     | Reached skill level 13 in Shields
  9937 | D:11     | Found a staircase to the Orcish Mines.
 10098 | D:11     | Reached ** piety under Makhleb
 10253 | D:11     | Reached XP level 12. HP: 71/71 MP: 14/14
 10301 | D:11     | Noticed a five-headed hydra
 10315 | D:11     | Killed a five-headed hydra
 10573 | Orc:1    | Entered Level 1 of the Orcish Mines
 10613 | Orc:1    | Noticed Urug
 10653 | Orc:1    | Killed Urug
 10731 | Orc:1    | Found a roughly hewn altar of Beogh.
 10826 | Orc:2    | Entered Level 2 of the Orcish Mines
 10967 | Orc:2    | Found Dorghyf's Magic Scroll Shoppe.
 11122 | Orc:2    | Reached *** piety under Makhleb
 11158 | Orc:2    | Noticed an orc high priest
 11168 | Orc:2    | Killed an orc high priest
 11170 | Orc:2    | Noticed an orc high priest
 11189 | Orc:2    | Killed an orc high priest
 11289 | Orc:2    | Noticed an orc high priest
 11289 | Orc:2    | Found Saicav's Armour Shop.
 11289 | Orc:2    | Found Eqyomeul's Gadget Emporium.
 11289 | Orc:2    | Noticed an orc high priest
 11298 | Orc:2    | Killed an orc high priest
 11298 | Orc:2    | Reached skill level 14 in Shields
 11301 | Orc:2    | Noticed a soul eater
 11314 | Orc:2    | Killed an orc high priest
 11347 | Orc:2    | Noticed an orc high priest
 11350 | Orc:2    | Noticed a sun demon
 11375 | Orc:2    | Killed an orc high priest
 11425 | Orc:2    | Found a roughly hewn altar of Beogh.
 11456 | Orc:2    | Noticed an orc high priest
 11464 | Orc:2    | Noticed an orc high priest
 11464 | Orc:2    | Reached **** piety under Makhleb
 11478 | Orc:2    | Noticed a soul eater
 11478 | Orc:2    | Killed from afar by an orc priest

Vault maps used:
D:1:      dpeg_arrival_solitude, minmay_hexomino_r4
D:2:      cheibrodos_greedy_goblins, marbit_many_paths, lemuel_blue_sif_altar
D:3:      nicolae_qazlal_eye_of_the_storm, first_bread, uniq_robin
D:4:      grunt_temple_overflow_bloody_war, kennysheep_mini,
          grunt_temple_overflow_open
D:5:      uniq_blork_the_orc
D:6:      lemuel_crystal_altar, lemuel_doored_altar, minivault_14
D:7:      lemuel_mausoleum_altar_kikubaaqudgha,
          minmay_temple_entry_statues_fountains, basic_altar, grunt_ogre_cave,
          grunt_dithmenos_shadows, uniq_crazy_yiuf_cottage, uniq_joseph
D:8:      minmay_gate_of_8, lemuel_crystal_altar,
          gammafunk_temple_overflow_statue, chequers_guarded_unrand_ignorance,
          uniq_grum
D:9:      grunt_temple_overflow_holy_war, overflow_temple_1_default
D:11:     erik_lair_orcish_takeover, hiddenorc2_lemuel
Temple:   corrupted_temple
Orc:1:    basic_altar, abandoned_shop, uniq_urug
Orc:2:    st_orc_town, serial_shops, shop_scrolls

Skill      XL: |  1  2  3  4  5  6  7  8  9 10 11 12 |
---------------+-------------------------------------+-----
Shields        | 4 5 6 8 9 11 13 14 | 14.3
Maces & Flails | 3 4 5 6 8 9 10 11 | 11.1
Armour         | 4 5 6 7 8 |  8.3
Fighting       | 4 5 6 7 |  7.2
Dodging        | 1 2 |  2.3
Stealth        | 1 3 |  3.0
Evocations     | 2 3 |  3.1
Invocations    | 2 4 |  4.8
Staves         | |  0.5

Action                   |  1- 3 |  4- 6 |  7- 9 | 10-12 || total
-------------------------+-------+-------+-------+-------++-------
Melee: Flail             |   173 |   375 |   604 |  1098 ||  2250
       Mace              |       |       |    83 |   161 ||   244
       Morningstar       |       |       |       |    71 ||    71
       Staff             |       |       |       |    38 ||    38
Invok: Lesser Servant of |       |       |       |     1 ||     1
  Use: Scroll            |     7 |       |     3 |    12 ||    22
       Potion            |       |     1 |     5 |     4 ||    10
 Stab: Invisible         |       |       |       |     6 ||     6
  Eat: Chunk             |     2 |     7 |     9 |    18 ||    36
       Bread ration      |       |     1 |       |       ||     1
Armor: Scale mail        |    28 |       |       |    87 ||   115
       Chain mail        |    12 |       |       |       ||    12
       Plate armour      |   112 |   314 |   477 |   420 ||  1323
Dodge: Dodged            |    40 |    69 |   125 |   150 ||   384
Block: Shield            |   116 |   222 |   425 |    89 ||   852
       Large shield      |       |       |       |  1689 ||  1689

Table legend:
 A = Spawn XP
 B = Non-spawn XP
 C = Spawn XP percentage of total XP
 D = Spawn monster count
 E = Non-spawn monster count
 F = Spawn count percentage of total count
 G = Total turns spent on level
                    A         B        C        D         E        F      G
               +---------+---------+-------+---------+---------+-------+---------
         Total |       0 |   28689 |   0.0 |       0 |     415 |   0.0 | 11478
               +---------+---------+-------+---------+---------+-------+---------
           D:1 |       0 |      49 |   0.0 |       0 |      26 |   0.0 |  1289
           D:2 |       0 |      87 |   0.0 |       0 |      31 |   0.0 |   761
           D:3 |       0 |     201 |   0.0 |       0 |      35 |   0.0 |   892
           D:4 |       0 |     206 |   0.0 |       0 |      13 |   0.0 |   974
           D:5 |       0 |    1159 |   0.0 |       0 |      22 |   0.0 |  1207
           D:6 |       0 |     983 |   0.0 |       0 |      33 |   0.0 |   997
           D:7 |       0 |    2337 |   0.0 |       0 |      41 |   0.0 |  1091
           D:8 |       0 |    5819 |   0.0 |       0 |      29 |   0.0 |  1053
           D:9 |       0 |    2066 |   0.0 |       0 |      30 |   0.0 |   774
          D:10 |       0 |    1020 |   0.0 |       0 |      10 |   0.0 |   350
          D:11 |       0 |    5492 |   0.0 |       0 |      75 |   0.0 |  1136
         Orc:1 |       0 |    1511 |   0.0 |       0 |       9 |   0.0 |   305
         Orc:2 |       0 |    7759 |   0.0 |       0 |      61 |   0.0 |   600
               +---------+---------+-------+---------+---------+-------+---------
